cohdb
Replays
Latest Replays
All Replays
Popular Replays
Top Player Replays
Match Explorer
How It Works
Community
CoH3 Stats
Reddit
Sign in to upload your games and track your stats! →
Sign in with Steam
Match 44168959
Unlisted
Match 44168959
Overview
Messages
Build Orders
End
Panzergrenadier Squad
250 Light Carrier
Selects Battlefield Espionage Battlegroup
Panzergrenadier Squad
Construct Light Support Kompanie
2.5-tonne Medical Truck
Assault Grenadier Squad
Fire Support Elements
Selects 250/3 Funkpanzerwagen
Flakvierling Half-track
Pak 38 Anti-tank Gun Team
Pak 38 Anti-tank Gun Team
Selects Anti-Tank Incendiary Munitions
Construct Panzerarmee Kommand
Combat Half-tracks
Selects Intel Disruption Beacon
Selects Plunder
Panzer III L Medium Tank
MG34 Team
Selects Firestorm
Franz
Mr Rayban
STALKER4732
Devochkin
0
0
Comments
sign in to comment!
No comments posted yet!